 Dungeon Crawl Stone Soup version 0.31-a0-1267-gfedaa18580 (console) character file.

Game seed: 13394498647777173695

13584 jejorda2 the Cleaver (level 12, 0/145 HPs)
             Began as a Gnoll Berserker on Dec 17, 2023.
             Was a High Priest of Trog.
             Slain by a minotaur
             ... wielding the staff of Conservatism {*Corrode rElec SInv Conj Air Poison}
              (14 damage)
             ... in a Gauntlet.
             The game lasted 00:26:14 (9927 turns).

jejorda2 the Cleaver (Gnoll Berserker)              Turns: 9927, Time: 00:26:16

Health: 0/145      AC: 20    Str: 20    XL:     12   Next: 7%
Magic:  22/22      EV: 14    Int:  9    God:    Trog [*****.]
Gold:   1014       SH:  0    Dex: 14    Spells: 25/25 levels left

rFire   . . .        a - +6 broad axe {drain, rCorr Dex+3}
rCold   + . .        (no shield)
rNeg    . . .        n - +0 swamp dragon scales
rPois   +            t - +0 helmet
rElec   .            g - +2 cloak
rCorr   +            l - +2 pair of gloves
SInv    .            F - +1 pair of boots
Will    .....        K - amulet of faith
Stlth   x              - ring of protection from cold
HPRegen 0.44/turn    (no ring)
MPRegen 0.18/turn

%: no teleportation, faith
@: berserking (expiring), very quick
A: fangs 1, strong nose, distributed training
a: Renounce Religion, Berserk, Trog's Hand, Brothers in Arms


You were in a Gauntlet.
You worshipped Trog.
Trog was extremely pleased with you.
You visited 2 branches of the dungeon, and saw 11 of its levels.
You also visited: Sewer and Gauntlet.

You collected 1308 gold pieces.
You spent 294 gold pieces at shops.

Inventory:

Hand Weapons
 a - the +6 broad axe of Floods (weapon) {drain, rCorr Dex+3}
   (You found it on level 2 of the Dungeon)

   Dex+3:     It affects your dexterity (+3).
   rCorr:     It protects you from acid and corrosion.
 b - a +3 dire flail of freezing
 w - the +10 dagger "Zosinookh" {spect, rElec Str+7}
   (You took it off a goblin on level 2 of the Dungeon)

   Str+7:     It affects your strength (+7).
   rElec:     It insulates you from electricity.
 L - a +6 antimagic great mace
Missiles
 d - 18 poisoned darts (quivered)
 f - 7 boomerangs
 y - 2 throwing nets
 z - a curare-tipped dart
 E - 16 javelins
Armour
 g - a +2 cloak (worn)
 l - a +2 pair of gloves (worn)
 n - +0 swamp dragon scales (worn)
 t - a +0 helmet (worn)
 F - a +1 pair of boots (worn)
 J - a +1 plate armour of fire resistance
 N - a scarf of invisibility
 P - the +0 pair of gloves "Qoigitoc" {Regen+}
   (You found it in a Gauntlet)

   Regen+:    It increases your rate of health regeneration.
Jewellery
 p - a +6 ring of dexterity
 x - a ring of protection from cold (left hand)
 K - an amulet of faith (around neck)
 M - a ring of positive energy
 O - a ring of magical power
Wands
 i - a wand of polymorph (9)
 k - a wand of digging (3)
 s - a wand of light (12)
 A - a wand of paralysis (5)
 B - a wand of flame (9)
 C - a wand of mindburst (29)
 D - a wand of roots (7)
Scrolls
 c - 2 scrolls of immolation
 e - 9 scrolls of teleportation
 j - a scroll of fear
 u - 3 scrolls of blinking
 H - a scroll of enchant weapon
Potions
 h - 2 potions of heal wounds
 m - a potion of mutation
 o - a potion of invisibility
 q - 5 potions of enlightenment
 r - 2 potions of haste
 v - a potion of ambrosia {unknown}
 G - 2 potions of lignification {unknown}
 I - 4 potions of attraction


   Skills:
 + Level 9.7 Fighting
 + Level 7.0 Short Blades
 + Level 7.0 Long Blades
 + Level 9.7 Axes
 + Level 7.0 Maces & Flails
 + Level 7.0 Polearms
 + Level 7.0 Staves
 + Level 7.0 Ranged Weapons
 + Level 7.0 Throwing
 + Level 8.5 Armour
 + Level 8.5 Dodging
 + Level 7.0 Stealth
 + Level 7.0 Shields
 + Level 7.0 Unarmed Combat
 + Level 7.0 Spellcasting
 + Level 5.8 Conjurations
 + Level 5.8 Hexes
 + Level 5.8 Summonings
 + Level 5.8 Necromancy
 + Level 5.8 Translocations
 + Level 5.8 Transmutations
 + Level 5.8 Fire Magic
 + Level 5.8 Ice Magic
 + Level 5.8 Air Magic
 + Level 5.8 Earth Magic
 + Level 5.8 Poison Magic
 + Level 7.7 Invocations
 + Level 7.0 Evocations
 + Level 6.4 Shapeshifting


You had 25 spell levels left.
You didn't know any spells.
Your spell library was empty.

Dungeon Overview and Level Annotations

Branches:
Dungeon (10/15)            Temple (0/1) D:6            Lair (1/5) D:9
    Orc (0/2) D:10          Sewer (visited)         Gauntlet (1/1)

Altars:
Ashenzari
Gozag
Hepliaklqana
Ru
Trog
Zin
The Shining One

Shops:
D:2 (   D:4 ?   D:7 (

Annotations:
Gauntlet 6 transporters, 1 runed translucent door


Innate Abilities, Weirdness & Mutations

You have very sharp teeth.
Your uncanny sense of smell can sniff out nearby items.
Your experience applies equally to all skills.


Message History

You closely miss the minotaur.
The minotaur is lightly wounded.
The minotaur hits you with the staff of Conservatism {*Corrode rElec SInv Conj Air Poison}!
You are electrocuted.
The minotaur completely misses you.
You hit the minotaur.
You bite the minotaur, but do no damage.
The minotaur is lightly wounded.
You hit the minotaur.
You punch the minotaur, but do no damage.
The minotaur is moderately wounded.
The minotaur barely misses you.
The minotaur gores you but does no damage.
You hit the minotaur. You drain the minotaur.
The minotaur is moderately wounded.
The minotaur hits you but does no damage.
You are electrocuted!
The minotaur gores you.
You slash the minotaur!
The minotaur is heavily wounded.
The minotaur hits you with the staff of Conservatism {*Corrode rElec SInv Conj Air Poison}!
You are electrocuted!
The minotaur gores you but does no damage.
You hit the minotaur.
The minotaur is heavily wounded.
The minotaur hits you with the staff of Conservatism {*Corrode rElec SInv Conj Air Poison}!!
* * * LOW HITPOINT WARNING * * *
You are electrocuted.
* * * LOW HITPOINT WARNING * * *
The minotaur gores you.
* * * LOW HITPOINT WARNING * * *
You barely miss the minotaur.
The minotaur furiously retaliates!
The minotaur headbutts you, but does no damage.
The minotaur is heavily wounded.
You barely miss the minotaur.
The minotaur furiously retaliates!
The minotaur headbutts you!
* * * LOW HITPOINT WARNING * * *
You punch the minotaur, but do no damage.
You bite the minotaur.
The minotaur is heavily wounded.
The minotaur hits you with the staff of Conservatism {*Corrode rElec SInv Conj Air Poison}!
You die...

#### #..
#.#########
##.#..@....#
#....##H##.#
#.##.# .⌠#
#.#..# ∩.#
#.#.## .⌠# #.#.
### #.#.
#.#############
#.............#


You could see a minotaur (drained).

Vanquished Creatures
  A blizzard demon (Gauntlet)
  Erica (Lair:1)
  2 tengu warriors
  Pikel (D:6)
  An arcanist (Gauntlet)
  Maggie (D:6)
  A tengu conjurer (Gauntlet)
  2 komodo dragons (Lair:1)
  A hornet (D:9)
  2 wraiths (D:10)
  14 yaks (D:9)
  2 shadows
  A steam dragon (D:7)
  An acid dragon (D:8)
  7 water moccasins
  6 orc warriors
  8 black bears
  A sky beast (D:7)
  3 ogres
  3 centaurs
  2 lemures (D:6)
  2 phantoms
  6 kobold brigands
  2 bullfrogs
  4 scorpions
  16 wights
  7 killer bees
  4 howler monkeys
  5 hounds
  2 jellies
  6 orc priests
  A gnoll bouda (D:8)
  Jessica (D:2)
  2 iguanas
  16 orc wizards
  Robin (D:2)
  28 gnolls
  9 adders
  4 shadow imps
  2 white imps
  An ufetubus (D:6)
  43 orcs
  5 bats
  12 endoplasms
  10 giant cockroaches
  13 goblins
  8 hobgoblins
  3 jackals (D:3)
  73 kobolds
  A quokka (D:2)
  3 training dummies (D:7)
  7 ball pythons
  6 frilled lizards
  9 rats
373 creatures vanquished.

Notes
Turn   | Place    | Note
-------+----------+-------------------------------------------
     0 | D:1      | jejorda2 the Gnoll Berserker began the quest for the Orb.
     0 | D:1      | Reached XP level 1. HP: 23/23 MP: 1/1
   157 | D:1      | Reached XP level 2. HP: 29/29 MP: 2/2
   537 | D:1      | Reached XP level 3. HP: 33/35 MP: 3/3
   628 | D:1      | Reached ** piety under Trog
   845 | D:2      | Found Gilib's Weapon Shoppe.
   869 | D:2      | Reached skill level 1 in Invocations
   891 | D:2      | Found a glowing golden altar of the Shining One.
  1120 | D:2      | Noticed Jessica
  1129 | D:2      | Killed Jessica
  1130 | D:2      | Reached skill level 1 in Short Blades
  1130 | D:2      | Reached skill level 1 in Long Blades
  1130 | D:2      | Reached skill level 1 in Maces & Flails
  1130 | D:2      | Reached skill level 1 in Polearms
  1130 | D:2      | Reached skill level 1 in Staves
  1130 | D:2      | Reached skill level 1 in Ranged Weapons
  1130 | D:2      | Reached skill level 1 in Throwing
  1130 | D:2      | Reached skill level 1 in Stealth
  1130 | D:2      | Reached skill level 1 in Shields
  1130 | D:2      | Reached skill level 1 in Unarmed Combat
  1130 | D:2      | Reached skill level 1 in Spellcasting
  1130 | D:2      | Reached skill level 1 in Evocations
  1130 | D:2      | Reached skill level 1 in Shapeshifting
  1130 | D:2      | Reached XP level 4. HP: 27/41 MP: 5/5
  1263 | D:2      | Noticed Robin
  1263 | D:2      | Identified the +10 dagger "Zosinookh" {spect, rElec Str+7}
  1281 | D:2      | Killed Robin
  1282 | D:2      | Reached skill level 1 in Conjurations
  1282 | D:2      | Reached skill level 1 in Hexes
  1282 | D:2      | Reached skill level 1 in Summonings
  1282 | D:2      | Reached skill level 1 in Necromancy
  1282 | D:2      | Reached skill level 1 in Translocations
  1282 | D:2      | Reached skill level 1 in Transmutations
  1282 | D:2      | Reached skill level 1 in Fire Magic
  1282 | D:2      | Reached skill level 1 in Ice Magic
  1282 | D:2      | Reached skill level 1 in Air Magic
  1282 | D:2      | Reached skill level 1 in Earth Magic
  1282 | D:2      | Reached skill level 1 in Poison Magic
  1375 | D:2      | Identified the +6 broad axe of Floods {drain, rCorr Dex+3}
  1646 | D:3      | Reached XP level 5. HP: 47/47 MP: 5/7
  1795 | D:3      | Reached *** piety under Trog
  2059 | D:3      | Noticed a kobold brigand
  2064 | D:3      | Killed a kobold brigand
  2065 | D:3      | Reached XP level 6. HP: 49/53 MP: 8/8
  2125 | D:3      | Reached skill level 5 in Armour
  2125 | D:3      | Reached skill level 5 in Dodging
  2341 | D:3      | Reached XP level 7. HP: 56/59 MP: 10/10
  2394 | D:3      | Reached **** piety under Trog
  2859 | D:4      | Found Ijadoofu's Magic Scroll Shoppe.
  2867 | D:4      | Bought a scroll of teleportation for 42 gold pieces
  2901 | D:4      | Found a glowing drain.
  2914 | Sewer    | Entered a sewer
  3255 | D:4      | Found a broken altar of Ashenzari.
  3379 | D:4      | Reached ***** piety under Trog
  3905 | D:5      | Entered Level 5 of the Dungeon
  3925 | D:5      | Reached XP level 8. HP: 65/67 MP: 12/12
  5000 | D:6      | Noticed Maggie
  5014 | D:6      | Killed Maggie
  5165 | D:6      | Reached XP level 9. HP: 73/73 MP: 14/14
  5206 | D:6      | Found a staircase to the Ecumenical Temple.
  5338 | D:6      | Noticed Pikel
  5350 | D:6      | Killed Pikel
  5643 | D:6      | Found a glowing silver altar of Zin.
  5643 | D:6      | Found a hazy altar of Hepliaklqana.
  6118 | D:7      | Reached skill level 5 in Invocations
  6322 | D:7      | Reached XP level 10. HP: 80/80 MP: 17/17
  6368 | D:7      | Found Cuuxaich's Firing Range.
  6397 | D:7      | Bought 3 javelins for 108 gold pieces
  6397 | D:7      | Bought 6 boomerangs for 144 gold pieces
  6409 | D:7      | Reached skill level 5 in Short Blades
  6409 | D:7      | Reached skill level 5 in Long Blades
  6409 | D:7      | Reached skill level 5 in Maces & Flails
  6409 | D:7      | Reached skill level 5 in Polearms
  6409 | D:7      | Reached skill level 5 in Staves
  6409 | D:7      | Reached skill level 5 in Ranged Weapons
  6409 | D:7      | Reached skill level 5 in Throwing
  6409 | D:7      | Reached skill level 5 in Stealth
  6409 | D:7      | Reached skill level 5 in Shields
  6409 | D:7      | Reached skill level 5 in Unarmed Combat
  6409 | D:7      | Reached skill level 5 in Spellcasting
  6409 | D:7      | Reached skill level 5 in Evocations
  6574 | D:8      | Found a glowing golden altar of the Shining One.
  6628 | D:8      | Found an opulent altar of Gozag.
  6772 | D:8      | Received a gift from Trog
  6934 | D:8      | Found a sacrificial altar of Ru.
  7188 | D:8      | Noticed a tengu warrior
  7204 | D:8      | Reached skill level 5 in Shapeshifting
  7223 | D:8      | Killed a tengu warrior
  7626 | D:8      | Identified a scroll of acquirement
  7626 | D:8      | Acquired 568 gold pieces
  7724 | D:9      | Found a bloodstained altar of Trog.
  8049 | D:9      | Found a staircase to the Lair.
  8061 | D:9      | Reached XP level 11. HP: 87/87 MP: 19/19
  8076 | D:9      | Reached skill level 5 in Conjurations
  8076 | D:9      | Reached skill level 5 in Hexes
  8076 | D:9      | Reached skill level 5 in Summonings
  8076 | D:9      | Reached skill level 5 in Necromancy
  8076 | D:9      | Reached skill level 5 in Translocations
  8076 | D:9      | Reached skill level 5 in Transmutations
  8076 | D:9      | Reached skill level 5 in Fire Magic
  8076 | D:9      | Reached skill level 5 in Ice Magic
  8076 | D:9      | Reached skill level 5 in Air Magic
  8076 | D:9      | Reached skill level 5 in Earth Magic
  8076 | D:9      | Reached skill level 5 in Poison Magic
  8815 | D:10     | Entered Level 10 of the Dungeon
  9104 | D:10     | Found a staircase to the Orcish Mines.
  9353 | Lair:1   | Entered Level 1 of the Lair of Beasts
  9353 | Lair:1   | Noticed Erica
  9361 | Lair:1   | Killed Erica
  9453 | Lair:1   | Found a gate leading to a gauntlet.
  9469 | Gauntlet | Entered a Gauntlet
  9469 | Gauntlet | Noticed a fire crab
  9469 | Gauntlet | Found a transporter.
  9469 | Gauntlet | Found a transporter.
  9479 | Gauntlet | Noticed an arcanist
  9497 | Gauntlet | Found a transporter.
  9501 | Gauntlet | Found a transporter.
  9504 | Gauntlet | Noticed a worldbinder
  9510 | Gauntlet | Found a transporter.
  9513 | Gauntlet | Found a transporter.
  9515 | Gauntlet | Noticed a blizzard demon
  9517 | Gauntlet | Found a runed translucent door.
  9517 | Gauntlet | Found a runed translucent door.
  9521 | Gauntlet | Found a transporter.
  9538 | Gauntlet | Found a transporter.
  9547 | Gauntlet | Noticed a ghost crab
  9555 | Gauntlet | Found a transporter.
  9556 | Gauntlet | Found a transporter.
  9559 | Gauntlet | Noticed a tengu warrior
  9564 | Gauntlet | Found a transporter.
  9568 | Gauntlet | Found a transporter.
  9625 | Gauntlet | Killed an arcanist
  9626 | Gauntlet | Received a gift from Trog
  9682 | Gauntlet | Killed a tengu warrior
  9683 | Gauntlet | Reached XP level 12. HP: 60/96 MP: 22/22
  9853 | Gauntlet | Killed a blizzard demon
  9866 | Gauntlet | Identified the +0 pair of gloves "Qoigitoc" {Regen+}
  9914 | Gauntlet | Identified the staff of Conservatism {*Corrode rElec SInv
                  | Conj Air Poison}
  9914 | Gauntlet | Noticed a minotaur
  9927 | Gauntlet | Slain by a minotaur

Illustrated notes

Levels and vault maps discovered:
D:1:      scummos_arrival_gate, layout_loops_ring, grunt_decor_mini_mirrors,
          minmay_misc_feat_roman
D:2:      minmay_door_path, layout_rooms, basic_altar, serial_shops, shop,
          kennysheep_jessica_study, uniq_robin
D:3:      minmay_goblin_kobold_castle, layout_basic
D:4:      layout_basic, nicolae_ashenzari_skybound,
          cheibrodos_sewer_entry_drain, serial_shops, shop
D:5:      layout_loops_corners
D:6:      kennysheep_spiral_hall, layout_basic, nicolae_overflow_two_pavilions,
          minmay_temple_entry_glass, minmay_misc_feat_plants, uniq_maggie,
          uniq_pikel
D:7:      layout_cave_pools, nicolae_shop_firing_range
D:8:      minmay_chambers_of_fours, layout_loops_cross, kennysheep_mini_moat,
          nicolae_ru_the_path_less_chosen, general_overflow_altar
D:9:      layout_gridville, trog_book, due_lair_maze_entry_diamond
D:10:     layout_roguey, orc_0_dummy
Lair:1:   layout_long_grid, gauntlet_entry_generic, lemuel_fruit_fields,
          serial_bayou_shore_a, uniq_erica
Gauntlet: minmay_gauntlet_77_indecision [minmay_gauntlet_arena_77_two_lines,
          minmay_gauntlet_arena_77_block_sizes, minmay_gauntlet_arena_77_mess,
          minmay_gauntlet_arena_77_checkered, minmay_gauntlet_arena_77_mirror,
          minmay_gauntlet_arena_77_shame_cube,
          dreamdust_gauntlet_exit_labyrinth]

Skill      XL: |  1  2  3  4  5  6  7  8  9 10 11 12 |
---------------+-------------------------------------+-----
Invocations    | 1 2 3 4 5 6 7 |  7.7
Short Blades   | 1 2 3 4 5 6 7 |  7.0
Long Blades    | 1 2 3 4 5 6 7 |  7.0
Maces & Flails | 1 2 3 4 5 6 7 |  7.0
Polearms       | 1 2 3 4 5 6 7 |  7.0
Staves         | 1 2 3 4 5 6 7 |  7.0
Ranged Weapons | 1 2 3 4 5 6 7 |  7.0
Throwing       | 1 2 3 4 5 6 7 |  7.0
Stealth        | 1 2 3 4 5 6 7 |  7.0
Shields        | 1 2 3 4 5 6 7 |  7.0
Unarmed Combat | 1 2 3 4 5 6 7 |  7.0
Spellcasting   | 1 2 3 4 5 6 7 |  7.0
Evocations     | 1 2 3 4 5 6 7 |  7.0
Shapeshifting  | 1 2 3 4 5 6 |  6.4
Conjurations   | 1 2 3 4 5 |  5.8
Hexes          | 1 2 3 4 5 |  5.8
Summonings     | 1 2 3 4 5 |  5.8
Necromancy     | 1 2 3 4 5 |  5.8
Translocations | 1 2 3 4 5 |  5.8
Transmutations | 1 2 3 4 5 |  5.8
Fire Magic     | 1 2 3 4 5 |  5.8
Ice Magic      | 1 2 3 4 5 |  5.8
Air Magic      | 1 2 3 4 5 |  5.8
Earth Magic    | 1 2 3 4 5 |  5.8
Poison Magic   | 1 2 3 4 5 |  5.8
Armour         | 5 6 7 8 |  8.5
Dodging        | 5 6 7 8 |  8.5
Fighting       | 7 8 9 |  9.7
Axes           | 7 8 9 |  9.7

Action                     |  1- 3 |  4- 6 |  7- 9 | 10-12 || total
---------------------------+-------+-------+-------+-------++-------
  Melee: Hand axe          |   104 |    22 |       |       ||   126
         Punch             |     1 |     1 |     4 |    11 ||    17
         Bite              |     8 |     7 |    14 |    30 ||    59
         Broad axe         |       |    77 |   229 |   317 ||   623
         Dagger            |       |     1 |       |       ||     1
  Throw: Dart              |       |       |    15 |    11 ||    26
 Invoke: Berserk           |     1 |     1 |     3 |     7 ||    12
         Trog's Hand       |       |     1 |     2 |     3 ||     6
    Use: Scroll            |       |       |    17 |     9 ||    26
         Potion            |       |       |     1 |       ||     1
   Stab: Sleeping          |     1 |       |     3 |     6 ||    10
 Armour: Animal skin       |    10 |       |       |       ||    10
         Chain mail        |    37 |    86 |   119 |       ||   242
         Swamp dragon scal |       |       |    75 |   299 ||   374
  Dodge: Dodged            |    37 |    63 |   131 |   231 ||   462

Table legend: (Time is in decaauts)
 A = Elapsed time spent in this place.
 B = Non-inter-level travel time spent in this place.
 C = Inter-level travel time spent in this place.
 D = Time resting spent in this place.
 E = Time spent auto-exploring this place.
 F = Levels seen in this place.
 G = Mean time per level.
                   A        B        C        D        E       F      G
               +--------+--------+--------+--------+--------+-----+--------+
         Total |  10158 |   9744 |    414 |    600 |   7031 |  13 |  781.4 |
       Dungeon |   9238 |   8871 |    367 |    419 |   6689 |  10 |  923.8 |
          Lair |    128 |     82 |     46 |      0 |      0 |   1 |  128.0 |
         Sewer |    318 |    318 |      0 |      0 |    208 |   1 |  318.0 |
      Gauntlet |    473 |    473 |      0 |    181 |    133 |   1 |  473.0 |
               +--------+--------+--------+--------+--------+-----+--------+

Top non-repeatable levels by time:
     D:3: 1259 daAuts
     D:8: 1197 daAuts
     D:9: 1155 daAuts
     D:6: 1096 daAuts
     D:5: 981 daAuts
     D:4: 883 daAuts
     D:1: 834 daAuts
     D:2: 708 daAuts
     D:7: 601 daAuts
    D:10: 520 daAuts
Gauntlet: 473 daAuts
   Sewer: 318 daAuts
  Lair:1: 128 daAuts
